 Dungeon Crawl Stone Soup version 0.29.1-1-gd02db6906a (webtiles) character file.

Game seed: 7091359667650724439

32142 LustLizard the Unseen (level 13, -1/69 HPs)
             Began as a Spriggan Arcane Marksman on Sept 21, 2022.
             Was an Elder of Dithmenos.
             Constricted to death by an anaconda (3 damage)
             ... on level 4 of the Lair of Beasts on Sept 22, 2022.
             The game lasted 00:32:13 (14968 turns).

LustLizard the Unseen (Spriggan Arcane Marksman)   Turns: 14968, Time: 00:32:14

Health: -1/69      AC:  7    Str:  6    XL:     13   Next: 29%
Magic:  16/16      EV: 19    Int: 17    God:    Dithmenos [****..]
Gold:   1642       SH:  5    Dex: 24    Spells: 10/14 levels left

rFire   + . .      SeeInvis +   h - +9 shortbow (flame)
rCold   x . .      Faith    .   (shield currently unavailable)
rNeg    + . .      Spirit   .   O - +0 troll leather armour
rPois   +          Reflect  +   o - +2 hat of Wixiwot {Will+}
rElec   .          Harm     .   V - +0 cloak
rCorr   .          Rampage  .   (gloves unavailable)
Will    +++..                   (boots unavailable) Stlth ****++++++
                                P - amulet of reflection
HPRegen 1.01/turn               s - ring of Ditwufum {+Blink rPois rC- Int+3 Dex+3}
MPRegen 0.15/turn               t - ring "Ytoraf" {rF+ rN+ EV+4 Stlth+}

@: wreathed by umbra, constricted, very quick
A: very small, no large weapons, unfitting armour, see invisible, speed 3
a: Renounce Religion, Evoke Blink, Shadow Step


You were on level 4 of the Lair of Beasts.
You worshipped Dithmenos.
Dithmenos was greatly pleased with you.
You visited 3 branches of the dungeon, and saw 16 of its levels.
You also visited: Volcano.

You collected 1642 gold pieces.

Inventory:

Hand Weapons
 h - a +9 shortbow of flaming (weapon)
 p - the +7 hand axe of Innocence {vorpal, rCorr}
   (You found it on level 3 of the Dungeon)

   It inflicts extra damage upon your enemies.
   rCorr:     It protects you from acid and corrosion.
Missiles
 v - a throwing net
Armour
 c - a +0 robe
 o - the +2 hat of Wixiwot (worn) {Will+}
   (You acquired it on level 3 of the Dungeon)

   Will:      It increases your willpower.
 G - +0 steam dragon scales
 O - a +0 troll leather armour (worn)
 V - a +0 cloak (worn)
 X - a +2 robe of fire resistance
Jewellery
 s - the ring of Ditwufum (left hand) {+Blink rPois rC- Int+3 Dex+3}
   (You acquired it on level 3 of the Dungeon)

   [ring of poison resistance]

   Int:       It affects your intelligence (+3).
   Dex:       It affects your dexterity (+3).
   rC:        It makes you vulnerable to cold.
   rPois:     It protects you from poison.
   +Blink:    It lets you blink.
 t - the ring "Ytoraf" (right hand) {rF+ rN+ EV+4 Stlth+}
   (You acquired it on level 3 of the Dungeon)

   [ring of evasion]

   EV:        It affects your evasion (+4).
   rF:        It protects you from fire.
   rN:        It protects you from negative energy.
   Stlth:     It makes you more stealthy.
 u - a +6 ring of dexterity
 B - a ring of wizardry
 I - a ring of wizardry
 J - a ring of protection from cold
 M - a ring of ice
 P - an amulet of reflection (around neck)
 T - an amulet of guardian spirit
Wands
 m - a wand of acid (9)
 r - a wand of digging (6)
 C - a wand of charming (10)
 K - a wand of mindburst (6)
 R - a wand of roots (5)
Scrolls
 b - 4 scrolls of poison
 e - 5 scrolls of teleportation
 n - 2 scrolls of blinking
 x - 3 scrolls of fear {unknown}
 y - 2 scrolls of magic mapping {unknown}
 D - 2 scrolls of vulnerability
 E - 2 scrolls of fog
 F - a scroll of noise
 L - a scroll of torment {unknown}
 N - a scroll of amnesia {unknown}
 Q - a scroll of silence {unknown}
 Z - a scroll of enchant weapon
Potions
 d - 2 potions of resistance
 f - 5 potions of lignification
 g - 4 potions of attraction
 i - 4 potions of degeneration
 j - 7 potions of mutation
 k - 5 potions of ambrosia
 l - 6 potions of curing
 q - 5 potions of heal wounds
 w - 2 potions of invisibility
 z - 3 potions of cancellation
 A - 3 potions of might
 H - 3 potions of flight
 U - a potion of berserk rage
 W - a potion of magic {unknown}
 Y - a potion of haste {unknown}
Miscellaneous
 S - a box of beasts


   Skills:
 + Level 8.6 Fighting
 * Level 14.4 Ranged Weapons
 * Level 3.8 Dodging
 - Level 20.9 Stealth
 - Level 1.3 Spellcasting
 - Level 4.0 Hexes
 - Level 4.0 Translocations
 * Level 1.8 Invocations
 * Level 2.4 Evocations


You had 10 spell levels left.
You knew the following spells:

 Your Spells              Type           Power      Damage    Failure   Level
a - Slow                  Hex            56%        N/A       6%          1
b - Portal Projectile     Hex/Tloc       28%        N/A       19%         3

Your spell library contained the following spells:

 Spells                   Type           Power      Damage    Failure   Level
 Gell's Gravitas          Tloc           14%        N/A       19%         3
 Teleport Other           Tloc           14%        N/A       19%         3
 Tukima's Dance           Hex            14%        N/A       19%         3
 Inner Flame              Hex/Fire       7%         N/A       38%         3
 Cause Fear               Hex            7%         N/A       52%         4
 Frozen Ramparts          Ice            2%         1d1       67%         3
 Animate Dead             Necr           1%         N/A       97%         4
 Ice Form                 Ice/Tmut       1%         N/A       97%         4
 Summon Ice Beast         Ice/Summ       1%         N/A       97%         4
 Alistair's Intoxication  Tmut/Pois      0%         N/A       100%        5
 Blade Hands              Tmut           0%         N/A       100%        5
 Borgnjor's Vile Clutch   Necr/Erth      0%         N/A       100%        5
 Fireball                 Conj/Fire      0%         3d3       100%        5
 Irradiate                Conj/Tmut      0%         3d11      100%        5
 Death Channel            Necr           0%         N/A       100%        6
 Dispersal                Tloc           7%         N/A       100%        6
 Eringya's Noxious Bog    Tmut/Pois      0%         N/A       100%        6
 Starburst                Conj/Fire      0%         6d3       100%        6
 Dragon Form              Tmut           0%         N/A       100%        7
 Ignition                 Fire           0%         3d3       100%        8


Dungeon Overview and Level Annotations

Branches:
Dungeon (11/15)            Temple (1/1) D:5            Lair (4/5) D:9
  Swamp (0/4) Lair:3        Snake (0/4) Lair:2          Orc (0/2) D:11
Volcano (visited)
  Slime: Lair:4-5

Altars:
Ashenzari
Cheibriados
Dithmenos
Elyvilon
Fedhas
Gozag
Hepliaklqana
Makhleb
Nemelex Xobeh
Qazlal
Ru
Sif Muna
Trog
Uskayaw
Vehumet
Wu Jian
Xom
Yredelemnul
Zin
The Shining One

Shops:
D:11 (

Annotations:
D:10 2 transporters, exclusions: ice statue and obsidian statue, Ofeo's ghost, novice MeCj
D:11 Harold


Innate Abilities, Weirdness & Mutations

You are very small and have problems with some larger weapons.
You are too small for most types of armour.
You have supernaturally acute eyesight. (SInv)
You cover ground extremely quickly. (Speed+++)


Message History

You shoot an arrow. The arrow hits the black mamba!
The arrow burns the black mamba.
The black mamba is heavily wounded.
Your shadow shoots an arrow.
The arrow hits the black mamba!
The black mamba misses you. The anaconda misses you.
The anaconda barely misses you.
You shoot an arrow. The arrow hits the black mamba!!
The arrow burns the black mamba.
You kill the black mamba!
Dithmenos accepts your kill. You block the anaconda's attack.
The anaconda bites you! The black mamba barely misses you.
You shoot an arrow. The arrow hits the black mamba.
The arrow burns the black mamba.
The black mamba is moderately wounded.
Your shadow shoots an arrow.
The arrow hits the black mamba.
The anaconda barely misses you. The anaconda closely misses you.
You block the black mamba's attack. The anaconda grabs you.
The anaconda completely misses you. The anaconda constricts you.
You shoot an arrow. The arrow hits the anaconda!
The arrow burns the anaconda!
The anaconda is moderately wounded.
You hear an angry hiss.
The black mamba barely misses you. The anaconda bites you.
The anaconda constricts you. You block the black mamba's attack.
You shoot an arrow. The arrow barely misses the anaconda.
The anaconda bites you! The anaconda constricts you. The black mamba bites you!
The anaconda misses you. The anaconda constricts you.
You are too injured to fight recklessly!
You are too injured to fight recklessly!
Unknown command.
The anaconda's grasp on you weakens, but your attempt to escape fails.
You block the black mamba's attack. The anaconda barely misses you.
The anaconda constricts you.
A water moccasin comes into view.
The black mamba bites you.
* * * LOW HITPOINT WARNING * * *
The anaconda bites you!
* * * LOW HITPOINT WARNING * * *
The anaconda constricts you.
You die...

#.... ... . #...#
...# .P #...# ..#
..P##...###.## ##
.......P...#.. ..#
.........#.. ##..# .
#.....##.. ... .#
.###
##<...##.###.#...#
...##.##...##.#.@S.#
.....##.#...#.S.#S.!#
......##.#..#..P#..##
#P....###...#...#..#
.......###.....##.[#
.........P..#..# ###
....#.......#...#
.#.###......##....
..###.#......##.##..


You could see an anaconda, a black mamba and a water moccasin (wandering).

Vanquished Creatures
  Gastronok (Lair:2)
  4 hydras
  A boulder beetle (Lair:1)
  Erolcha (D:10)
  A dancing weapon (Volcano)
  A centaur warrior (D:10)
  2 two-headed ogres
  Nergalle (Lair:3)
  Pikel (D:5)
  5 wizards (Volcano)
  5 toenail golems (Volcano)
  A black mamba (Lair:4)
  6 elephants (Lair:1)
  Joseph (D:8)
  7 cane toads
  Psyche (D:9)
  An efreet (D:10)
  A kobold demonologist (D:11)
  5 komodo dragons
  2 trolls (D:10)
  2 hornets (D:8)
  3 polar bears
  6 blink frogs (Lair:2)
  2 shadows
  A vampire (D:9)
  3 fire bats (Lair:3)
  3 wyverns
  16 yaks
  2 basilisks
  A wraith (D:8)
  2 vampire mosquitoes (D:11)
  A steam dragon (D:7)
  3 swamp worms
  13 water moccasins
  Duvessa (D:7)
  5 ice beasts
  6 orc warriors
  An ogre (D:7)
  6 centaurs
  3 lemures (D:5)
  3 phantoms
  3 kobold brigands
  12 bullfrogs
  A gnoll sergeant (D:7)
  3 scorpions
  9 wights
  Dowan (D:7)
  A howler monkey (D:8)
  2 jellies (D:5)
  A hound (D:6)
  7 orc priests
  2 gnoll boudas
  15 orc wizards
  Natasha (D:2)
  4 iguanas
  19 gnolls
  9 adders
  3 white imps
  5 worms
  A dart slug (D:1)
  45 orcs
  4 bats
  4 endoplasms
  3 giant cockroaches (D:2)
  7 goblins
  10 hobgoblins
  4 jackals (D:4)
  2 quokkas
  A ball python (D:3)
  2 frilled lizards
  22 kobolds
  7 rats
341 creatures vanquished.

Vanquished Creatures (others)
  6 fungi
  13 plants
19 creatures vanquished.

Grand Total: 360 creatures vanquished

Notes
Turn   | Place    | Note
-------+----------+-------------------------------------------
     0 | D:1      | LustLizard the Spriggan Arcane Marksman began the quest for
                  | the Orb.
     0 | D:1      | Reached XP level 1. HP: 9/9 MP: 3/3
     2 | D:1      | Noticed an ogre
     2 | D:1      | Noticed a demonspawn
     4 | D:1      | Noticed an elf
     4 | D:1      | Noticed a draconian
     6 | D:1      | Noticed a meteoran
     6 | D:1      | Noticed a minotaur
     8 | D:1      | Noticed a naga
     8 | D:1      | Noticed a troll
    10 | D:1      | Noticed an octopode
    10 | D:1      | Noticed a human
    12 | D:1      | Noticed a tengu
    12 | D:1      | Noticed a formicid
    14 | D:1      | Noticed a spriggan
    14 | D:1      | Noticed a felid
    16 | D:1      | Noticed a merfolk
    20 | D:1      | Noticed a palentonga
    20 | D:1      | Noticed a vine stalker
    22 | D:1      | Noticed a gargoyle
    22 | D:1      | Noticed a demigod
    24 | D:1      | Noticed a vampire
    26 | D:1      | Noticed a demigod
    26 | D:1      | Noticed a human
   139 | D:1      | Reached skill level 1 in Stealth
   165 | D:1      | Reached skill level 1 in Fighting
   165 | D:1      | Reached XP level 2. HP: 14/14 MP: 5/5
   672 | D:1      | Reached skill level 2 in Stealth
   720 | D:2      | Reached XP level 3. HP: 18/18 MP: 4/6
   796 | D:2      | Reached skill level 3 in Stealth
  1066 | D:2      | Identified a scroll of acquirement
  1067 | D:2      | Acquired a +6 shortbow of flaming
  1078 | D:2      | Learned a level 3 spell: Portal Projectile
  1092 | D:2      | Reached XP level 4. HP: 22/22 MP: 7/7
  1301 | D:2      | Noticed Natasha
  1304 | D:2      | Killed Natasha
  1305 | D:2      | Reached skill level 1 in Translocations
  1598 | D:3      | Identified the +7 hand axe of Innocence {vorpal, rCorr}
  1693 | D:3      | Reached skill level 4 in Stealth
  1830 | D:3      | Found a faded altar of an unknown god.
  1966 | D:3      | Acquired the ring of Ditwufum {+Blink rPois rC- Int+3
                  | Dex+3}
  1969 | D:3      | Acquired the ring "Ytoraf" {rF+ rN+ EV+4 Stlth+}
  1972 | D:3      | Acquired the +2 hat of Wixiwot {Will+}
  2309 | D:4      | Noticed a phantom
  2317 | D:3      | Reached XP level 5. HP: 22/26 MP: 8/8
  2476 | D:4      | Noticed an ice beast
  2485 | D:4      | Killed an ice beast
  2486 | D:4      | Reached skill level 5 in Stealth
  2486 | D:4      | Reached XP level 6. HP: 30/30 MP: 9/9
  2701 | D:4      | Reached skill level 6 in Stealth
  3271 | D:5      | Entered Level 5 of the Dungeon
  3283 | D:5      | Reached XP level 7. HP: 35/35 MP: 10/10
  3456 | D:5      | You fall into a shaft and drop 2 floors!
  3468 | D:6      | Reached skill level 7 in Stealth
  3653 | D:5      | Reached skill level 5 in Ranged Weapons
  3868 | D:5      | Reached skill level 8 in Stealth
  3893 | D:5      | Reached XP level 8. HP: 40/40 MP: 11/11
  3947 | D:5      | Reached skill level 9 in Stealth
  4041 | D:5      | Noticed Pikel
  4079 | D:5      | Killed Pikel
  4080 | D:5      | Reached skill level 10 in Stealth
  4103 | D:5      | Found a staircase to the Ecumenical Temple.
  4129 | Temple   | Entered the Ecumenical Temple
  4327 | Temple   | Became a worshipper of Dithmenos the Shadowed
  5058 | D:6      | Reached skill level 11 in Stealth
  5058 | D:6      | Reached XP level 9. HP: 45/45 MP: 12/12
  5170 | D:6      | Reached * piety under Dithmenos
  5680 | D:6      | Found an opulent altar of Gozag.
  5794 | D:7      | Noticed a two-headed ogre
  5819 | D:7      | Killed a two-headed ogre
  5820 | D:7      | Reached skill level 12 in Stealth
  5877 | D:7      | Reached skill level 13 in Stealth
  6093 | D:7      | Found a hazy altar of Hepliaklqana.
  6120 | D:7      | Reached skill level 5 in Fighting
  6385 | D:7      | Noticed Duvessa
  6385 | D:7      | Noticed Dowan
  6395 | D:7      | Killed Duvessa
  6396 | D:7      | Reached XP level 10. HP: 51/51 MP: 13/13
  6399 | D:7      | Killed Dowan
  6502 | D:7      | Reached ** piety under Dithmenos
  7131 | D:8      | Reached skill level 14 in Stealth
  7469 | D:8      | Noticed Joseph
  7475 | D:8      | Killed Joseph
  7793 | D:8      | Reached skill level 10 in Ranged Weapons
  8041 | D:8      | Found a shimmering blue altar of Sif Muna.
  8047 | D:8      | Reached skill level 15 in Stealth
  8333 | D:9      | Noticed Psyche
  8335 | D:9      | Killed Psyche
  8392 | D:9      | Noticed a two-headed ogre
  8405 | D:9      | Killed a two-headed ogre
  8428 | D:9      | Found a staircase to the Lair.
  8458 | D:9      | Reached *** piety under Dithmenos
  8622 | D:9      | Reached XP level 11. HP: 50/56 MP: 14/14
  8810 | D:9      | Reached skill level 16 in Stealth
  8985 | D:9      | Found a radiant altar of Vehumet.
  9173 | D:10     | Entered Level 10 of the Dungeon
  9181 | D:10     | Found a transporter.
  9188 | D:10     | Found a transporter.
  9188 | D:10     | Noticed Ofeo's ghost (novice MeCj)
  9189 | D:10     | Noticed a cyan ugly thing
  9189 | D:10     | Noticed a green very ugly thing
  9203 | D:10     | Noticed Erolcha
  9316 | D:10     | Killed Erolcha
  9424 | D:10     | Noticed an obsidian statue
  9485 | D:10     | Noticed a centaur warrior
  9490 | D:10     | Killed a centaur warrior
  9940 | D:11     | Noticed Harold
  9944 | D:11     | Found Ehige's Weapon Shoppe.
  9977 | D:11     | Reached skill level 17 in Stealth
  9977 | D:11     | Found a staircase to the Orcish Mines.
  9985 | D:11     | Noticed a six-headed hydra
 10002 | D:11     | Killed a six-headed hydra
 10423 | Lair:1   | Entered Level 1 of the Lair of Beasts
 10817 | Lair:1   | Reached **** piety under Dithmenos
 10818 | Lair:1   | Reached skill level 18 in Stealth
 10821 | Lair:1   | Noticed a five-headed hydra
 10839 | Lair:1   | Killed a five-headed hydra
 11280 | Lair:1   | Reached XP level 12. HP: 63/63 MP: 15/15
 11281 | Lair:1   | Noticed a boulder beetle
 11746 | Lair:1   | Killed a boulder beetle
 11747 | Lair:1   | Reached skill level 19 in Stealth
 11835 | Lair:2   | Noticed Gastronok
 12813 | Lair:2   | Found a staircase to the Snake Pit.
 12994 | Lair:2   | Noticed a four-headed hydra
 13015 | Lair:2   | Killed a four-headed hydra
 13149 | Lair:2   | Killed Gastronok
 13381 | Lair:3   | Noticed Nergalle
 13401 | Lair:2   | Reached skill level 20 in Stealth
 13595 | Lair:3   | Found a dark tunnel.
 13604 | Volcano  | Entered a volcano
 13789 | Volcano  | Reached XP level 13. HP: 69/69 MP: 16/16
 14398 | Lair:3   | Reached skill level 1 in Invocations
 14398 | Lair:3   | Reached skill level 1 in Evocations
 14693 | Lair:3   | Killed Nergalle
 14706 | Lair:3   | Found a staircase to the Swamp.
 14968 | Lair:4   | HP: 2/69 [anaconda (15)]
 14968 | Lair:4   | Constricted to death by an anaconda

Illustrated notes

Levels and vault maps discovered:
D:1:      kb_arrival_jail, layout_basic, st_stairs_4,
          nicolae_kite_square_tiling_tiny, chequers_garden
D:2:      layout_loops_cross, minmay_misc_feat_five, dk_noncrumbling_3,
          uniq_natasha
D:3:      layout_loops_ring, shapermc_ecumenical_altar_flowoftime
D:4:      layout_basic
D:5:      layout_basic, temple_pool_b, uniq_pikel
D:6:      cheibrodos_thug_alley, layout_cave_pods, nicolae_gozag_seed_capital
D:7:      layout_loops_ring, marbit_many_paths, uniq_duvessa
D:8:      layout_rooms, kennysheep_orc_sif_temple, uniq_joseph
D:9:      minmay_goldmine, layout_loops_cross, kennysheep_little_box,
          lair_entry_dummy, minmay_hedge_maze, uniq_psyche
D:10:     layout_big_octagon, gammafunk_ghost_arena, david_greed, uniq_erolcha
D:11:     layout_cave_pools, orc_david_3, serial_shops, kennysheep_mini,
          uniq_harold
Temple:   dpeg_five_rooms_temple
Lair:1:   layout_layer_cave, grunt_megastairs_3, lemuel_fruit_fields
Lair:2:   layout_roguey, dummy_snake_entry, worms_lemuel, lemuel_fruit_tree,
          uniq_gastronok
Lair:3:   layout_regular_city, minmay_swamp_entry_worms,
          nicolae_volcano_entry_batcave, serial_bayou_shore_b, uniq_nergalle
Lair:4:   beast_lair_carwin_large_3, layout_concentric_octagons,
          nicolae_quartered_pool_impasse

Skill      XL: |  1  2  3  4  5  6  7  8  9 10 11 12 13 |
---------------+----------------------------------------+-----
Stealth        | 1 2 3 4 5 6 8 11 13 15 18 20 | 20.9
Fighting       | 1 2 3 4 5 6 7 8 |  8.6
Hexes          | 4 |  4.0
Ranged Weapons | 3 4 5 7 9 10 12 14 | 14.4
Translocations | 2 3 4 |  4.0
Dodging        | 3 |  3.8
Invocations    | 1 |  1.8
Evocations     | 2 |  2.4
Spellcasting   | |  1.3

Action                   |  1- 3 |  4- 6 |  7- 9 | 10-12 | 13-15 || total
-------------------------+-------+-------+-------+-------+-------++-------
 Fire: Sling             |    86 |       |       |       |       ||    86
       Shortbow          |     1 |   105 |   268 |   602 |   102 ||  1078
 Cast: Slow              |     4 |       |       |     4 |       ||     8
  Use: Scroll            |     8 |     5 |     6 |     8 |     2 ||    29
Armor: Robe              |     2 |     2 |     1 |       |     1 ||     6
       Steam dragon scal |       |       |     1 |     6 |       ||     7
       Troll leather arm |       |       |       |     5 |     5 ||    10
Dodge: Dodged            |    17 |    18 |    39 |   108 |    30 ||   212
Block: Other             |       |       |       |    16 |     5 ||    21
       Reflection        |       |       |       |     1 |       ||     1
